 Dungeon Crawl Stone Soup version 0.29.0-4-gdea44cf6ec (webtiles) character file.

Game seed: 3122337686876036774

19 qw the Chopper (level 2, 0/17 HPs)
             Began as a Tengu Warper on Aug 28, 2022.
             Succumbed to their own poison gas
             ... on level 1 of the Dungeon.
             The game lasted 00:00:04 (1253 turns).

qw the Chopper (Tengu Warper)                       Turns: 1253, Time: 00:00:05

Health: 0/17       AC:  9    Str: 11    XL:     2   Next: 75%
Magic:  6/6        EV: 10    Int: 13    God:
Gold:   52         SH:  0    Dex: 13    Spells: 5/5 levels left

rFire   . . .      SeeInvis .   Y - +1 hand axe (protect)
rCold   . . .      Faith    .   (no shield)
rNeg    . . .      Spirit   .   h - +0 ring mail
rPois   .          Reflect  .   (helmet restricted)
rElec   .          Harm     .   (no cloak)
rCorr   .          Rampage  .   (no gloves)
Will    .....                   (boots unavailable)
Stlth   +.........              (no amulet)
HPRegen 0.05/turn               n - +4 ring of protection
MPRegen 0.10/turn               (no ring)

@: lethally poisoned (0 -> -7)
A: beak, talons 3
a: no special abilities


You were on level 1 of the Dungeon.
You visited 1 branch of the dungeon, and saw 1 of its levels.

You collected 52 gold pieces.


Innate Abilities, Weirdness & Mutations

You have a beak for a mouth.
You have claws for feet.


   Skills:
 - Level 2.0 Fighting
 + Level 3.5 Axes
 - Level 1.0 Throwing
 - Level 1.1 Armour
 - Level 2.1 Dodging
 - Level 2.0 Spellcasting
 - Level 2.4 Translocations


You had 5 spell levels left.
You didn't know any spells.
Your spell library contained the following spells:

 Spells                   Type           Power      Damage    Failure   Level
 Blink                    Tloc           14%        N/A       34%         2
 Gell's Gravitas          Tloc           7%         N/A       56%         3
 Lesser Beckoning         Tloc           7%         N/A       56%         3
 Teleport Other           Tloc           7%         N/A       56%         3
 Manifold Assault         Tloc           7%         N/A       99%         5

Inventory:

Hand Weapons
 d - a +0 club
 Y - a +1 hand axe of protection (weapon)
Armour
 h - a +0 ring mail (worn)
Jewellery
 n - a +4 ring of protection (left hand)
Scrolls
 a - a scroll of identify
Potions
 g - a potion of ambrosia {unknown}
 i - a potion of attraction {unknown}

Dungeon Overview and Level Annotations

Branches:
Dungeon (1/15)

Altars:


Message History

Your butterfly is engulfed in poison gas.
Your butterfly is poisoned.
You kill your butterfly!
Your butterfly disappears in a burst of colours!
Done exploring.
1246 ||| READING scroll labelled MAECAMN XEIL.
As you read the scroll labelled MAECAMN XEIL, it crumbles to dust.
It is a scroll of enchant weapon.
Your +0 hand axe of protection glows red for a moment.
You kill your butterfly!
Your butterfly disappears in a burst of colours!
You kill your butterfly!
Your butterfly disappears in a burst of colours!
Your butterfly is engulfed in poison gas.
Your butterfly is poisoned.
You kill your butterfly!
Your butterfly disappears in a burst of colours!
Done exploring.
1247 ||| DROPPING scroll of blinking.
You drop a scroll of blinking.
Done exploring.
1248 ||| DROPPING scroll of poison.
You drop a scroll of poison.
Done exploring.
(D) Dungeon
Where to? (* - list waypoints, ? - help)
What level of the Dungeon? (default 1, ? - help) Sorry, I don't know how to get there.
Done exploring.
1249 ||| Stepping randomly (stuck).
Really walk into that cloud of poison gas?
You are engulfed in poison gas.
You are lethally poisoned!
You feel very sick.
1250 ||| Stepping ~*~*~tactically~*~*~ (cloud).
You feel very sick.
There is a lethal amount of poison in your body!
You feel sick.
There is a lethal amount of poison in your body!
You feel sick.
There is a lethal amount of poison in your body!
You die...

..# #.#.###.# .##
#.......# ##
###.##### # #.# #
#.######## ##
#.......0# .##
##.######.# ..##
#...#####¤# ...##
#......##@#
....####.¤¤.00¤¤?#
....'....¤¤0#¤####
....####......#
...## ##.#.###
..## ###.# .## #.#
## #.# # #.#


There were no monsters in sight!

Vanquished Creatures
  A giant cockroach (D:1)
  2 goblins (D:1)
  3 hobgoblins (D:1)
  3 kobolds (D:1)
  3 ball pythons (D:1)
  2 bats (D:1)
  3 frilled lizards (D:1)
  2 rats (D:1)
19 creatures vanquished.

Notes
Turn   | Place    | Note
-------+----------+-------------------------------------------
     0 | D:1      | qw the Tengu Warper began the quest for the Orb.
     0 | D:1      | Reached XP level 1. HP: 12/12 MP: 4/4
     0 | D:1      | 0 ||| qw: Version: 0.1-a-89-g26bdef1
     0 | D:1      | 0 ||| qw: Game counter: 2407
     0 | D:1      | 0 ||| qw: Always use a shield: true
     0 | D:1      | 0 ||| qw: God list: Okawaru
     0 | D:1      | 0 ||| qw: Allow faded altars: false
     0 | D:1      | 0 ||| qw: Do Orc after D:15 true
     0 | D:1      | 0 ||| qw: Do second Lair branch before Depths: true
     0 | D:1      | 0 ||| qw: Lair rune preference: random
     0 | D:1      | 0 ||| qw: Plans: Normal
     0 | D:1      | 0 ||| PLANNING D:1-11
   207 | D:1      | Reached XP level 2. HP: 14/17 MP: 6/6
   275 | D:1      | 275 ||| UPGRADING to +0 ring mail.
   291 | D:1      | Reached skill level 3 in Axes
   491 | D:1      | 491 ||| DROPPING +0 leather armour.
  1239 | D:1      | 1239 ||| DROPPING amulet of faith.
  1240 | D:1      | 1240 ||| UPGRADING to +4 ring of protection.
  1241 | D:1      | 1241 ||| READING 2 scrolls labelled ZIRCHE XUENOH.
  1242 | D:1      | 1242 ||| READING scroll labelled DAXEYM YREF.
  1243 | D:1      | 1243 ||| READING scroll labelled YLASTR DUYLY.
  1244 | D:1      | 1244 ||| READING scroll labelled SUADWALEMY.
  1245 | D:1      | 1245 ||| READING 2 scrolls labelled QOELUO ANOM.
  1246 | D:1      | 1246 ||| READING scroll labelled MAECAMN XEIL.
  1247 | D:1      | 1247 ||| DROPPING scroll of blinking.
  1248 | D:1      | 1248 ||| DROPPING scroll of poison.
  1249 | D:1      | 1249 ||| Stepping randomly (stuck).
  1250 | D:1      | 1250 ||| Stepping ~*~*~tactically~*~*~ (cloud).
  1251 | D:1      | HP: 4/17 [poisoned by you (poison gas)]
  1253 | D:1      | Succumbed to their own poison gas

Levels and vault maps discovered:
D:1:      minmay_arrival_arboretum_small, layout_loops_corners,
          due_unseen_surprise

Skill      XL: |  1  2 |
---------------+-------+-----
Axes           | 3 |  3.5
Fighting       | |  2.0
Throwing       | |  1.0
Armour         | |  1.1
Dodging        | |  2.1
Spellcasting   | |  2.0
Translocations | |  2.4

Action                   || total
-------------------------++-------
Melee: Hand axe          ||    46
       Peck              ||     6
       Kick              ||     5
       Punch             ||     1
Throw: Boomerang         ||     7
  Use: Scroll            ||     6
Armor: Leather armour    ||     8
       Ring mail         ||    12
Dodge: Dodged            ||    19

Table legend:
 A = Non-vault XP
 B = Vault XP
 C = Vault XP percentage of total XP
 D = Non-vault monster count
 E = Vault monster count
 F = Vault count percentage of total count
                 A         B        C        D         E       F
            +---------+---------+-------+---------+---------+-------
      Total |      28 |       0 |   0.0 |      19 |       0 |   0.0
            +---------+---------+-------+---------+---------+-------
        D:1 |      28 |       0 |   0.0 |      19 |       0 |   0.0
            +---------+---------+-------+---------+---------+-------
